 Dungeon Crawl Stone Soup version 0.30-a0-802-gb92711bcdf (webtiles) character file.

Game seed: 17051870091098650598

19 jimonade the Grasshopper (level 2, -1/29 HPs)
             Began as an Ogre Warper on Feb 25, 2023.
             Slain by Terence
             ... wielding a +0 hand axe
              (3 damage)
             ... on level 2 of the Dungeon.
             The game lasted 00:00:46 (211 turns).

jimonade the Grasshopper (Ogre Warper)               Turns: 211, Time: 00:00:47

Health: -1/29      AC:  3    Str: 14    XL:     2   Next: 75%
Magic:  5/5        EV:  9    Int: 14    God:
Gold:   12         SH:  0    Dex:  8    Spells: 5/5 levels left

rFire   . . .      SeeInvis .    a - +0 mace
rCold   . . .      Faith    .    (no shield)
rNeg    . . .      Spirit   .    b - +0 robe
rPois   .          Reflect  .    (helmet restricted)
rElec   .          Harm     .    (no cloak)
rCorr   .          Rampage  .    (gloves unavailable)
Will    .....                    (boots unavailable)
Stlth   +                        (no amulet)
HPRegen 0.24/turn                (no ring)
MPRegen 0.09/turn                (no ring)

@: no status effects
A: large, unfitting armour, tough skin 1
a: no special abilities


You were on level 2 of the Dungeon.
You visited 1 branch of the dungeon, and saw 2 of its levels.

You collected 12 gold pieces.

Inventory:

Hand Weapons
 a - a +0 mace (weapon)
Missiles
 d - 7 boomerangs of dispersal (quivered)
Armour
 b - a +0 robe (worn)
Scrolls
 c - a scroll of blinking
 e - a scroll of fear {unknown}
 f - a scroll of teleportation {unknown}


   Skills:
 + Level 2.9 Fighting
 + Level 2.1 Maces & Flails
 + Level 1.0 Throwing
 + Level 2.2 Dodging
 + Level 2.4 Spellcasting
 * Level 3.1 Translocations


You had 5 spell levels left.
You didn't know any spells.
Your spell library contained the following spells:

 Spells                   Type           Power      Damage    Failure   Level
 Blink                    Tloc           20%        N/A       10%         2
 Lesser Beckoning         Tloc           20%        N/A       10%         2
 Teleport Other           Tloc           10%        N/A       19%         3
 Vhi's Electric Charge    Tloc/Air       12%        N/A       34%         3
 Manifold Assault         Tloc           10%        N/A       52%         4


Dungeon Overview and Level Annotations

Branches:
Dungeon (1/15)

Altars:

Annotations:
D:2 Terence


Innate Abilities, Weirdness & Mutations

You are too large for most types of armour.
You have tough skin. (AC +1)


Message History

You hit the adder.
You kill the adder!
You feel sick.
You barely miss the giant cockroach.
You feel sick.
You are no longer poisoned.
The giant cockroach barely misses you.
The giant cockroach bites you but does no damage.
You hit the giant cockroach.
You kill the giant cockroach!
Sorry, you're not good enough to have a special ability.
You aren't carrying any potions.
Unknown command.
Unknown command.
You hit Terence.
Terence is moderately wounded.
Terence hits you with a +0 hand axe.
You hit Terence but do no damage.
Terence is moderately wounded.
Terence hits you with a +0 hand axe.
You closely miss Terence.
Terence is moderately wounded.
Terence barely misses you. Terence hits you with a +0 hand axe!
* * * LOW HITPOINT WARNING * * *
You hit Terence.
Terence is heavily wounded.
Terence misses you.
You hit Terence.
Terence is severely wounded.
Terence hits you with a +0 hand axe.
* * * LOW HITPOINT WARNING * * *
You hit Terence but do no damage.
Terence is severely wounded.
Terence drinks a potion.
Terence is healed!
Terence completely misses you.
You barely miss Terence.
Terence is lightly wounded.
Terence closely misses you.
You barely miss Terence.
Terence is lightly wounded.
Terence hits you with a +0 hand axe.
You die...

######### #.......#
#.#####.##
#.##.....#
#.##.#####
#############.##.##
.......@@....>....#
......###..##.#####
..... #...###.#
........### #.#
......## #.# .. ..
..# . . ###


You could see Terence.

Vanquished Creatures
  An adder (D:2)
  2 giant cockroaches
  2 goblins (D:1)
  A hobgoblin (D:2)
  A quokka (D:1)
  A bat (D:1)
  A frilled lizard (D:1)
  A rat (D:1)
10 creatures vanquished.

Notes
Turn   | Place    | Note
-------+----------+-------------------------------------------
     0 | D:1      | jimonade the Ogre Warper began the quest for the Orb.
     0 | D:1      | Reached XP level 1. HP: 22/22 MP: 3/3
   109 | D:1      | Reached skill level 3 in Translocations
   160 | D:1      | Reached XP level 2. HP: 28/29 MP: 5/5
   170 | D:1      | You fall into a shaft and drop 1 floor!
   194 | D:2      | Noticed Terence
   208 | D:2      | HP: 1/29 [Terence/+0 hand axe (2)]
   211 | D:2      | Slain by Terence

Illustrated notes

Levels and vault maps discovered:
D:1:      minmay_arrival_wavy_path, layout_loops_ring
D:2:      layout_basic, uniq_terence

Skill      XL: |  1 |
---------------+----+-----
Translocations | 3 |  3.1
Maces & Flails | 2 |  2.1
Fighting       | |  2.9
Throwing       | |  1.0
Dodging        | |  2.2
Spellcasting   | |  2.4

Action                     || total
---------------------------++-------
  Melee: Mace              ||    46
         Punch             ||     1
 Armour: Robe              ||    12
  Dodge: Dodged            ||    34

Table legend: (Time is in decaauts)
 A = Elapsed time spent in this place.
 B = Non-inter-level travel time spent in this place.
 C = Inter-level travel time spent in this place.
 D = Time resting spent in this place.
 E = Time spent auto-exploring this place.
 F = Levels seen in this place.
 G = Mean time per level.
                   A        B        C        D        E       F      G
               +--------+--------+--------+--------+--------+-----+--------+
         Total |    224 |    224 |      0 |      0 |    115 |   2 |  112.0 |
       Dungeon |    224 |    224 |      0 |      0 |    115 |   2 |  112.0 |
               +--------+--------+--------+--------+--------+-----+--------+

Top non-repeatable levels by time:
     D:1: 178 daAuts
     D:2: 46 daAuts
